 Dungeon Crawl Stone Soup version 0.25.1-2-g60ff931df9 (webtiles) character file.

Game seed: 10199627912713649033

39 Descartes the Covered (level 3, -2/29 HPs)
             Began as a Formicid Chaos Knight on Aug 13, 2020.
             Was a Plaything of Xom.
             Slain by a gnoll
             ... wielding a +0 spear
              (4 damage)
             ... on level 2 of the Dungeon.
             The game lasted 00:01:35 (908 turns).

Descartes the Covered (Formicid Chaos Knight)        Turns: 908, Time: 00:01:36

Health: -2/29      AC:  6    Str: 17    XL:     3   Next: 70%
Magic:  12/12      EV:  6    Int: 11    God:    Xom [..*...]
Gold:   41         SH:  0    Dex: 10    Spells: 2/2 levels left

rFire    . . .     SeeInvis +   a - +0 falchion (chaos)
rCold    . . .     Gourm    .   (no shield)
rNeg     . . .     Faith    .   b - +2 leather armour
rPois    .         Spirit   .   (helmet unavailable)
rElec    .         Reflect  .   (no cloak)
rCorr    .         Harm     .   k - +0 pair of gloves
MR       .....                  (no boots)
Stlth    +.........             (no amulet)
HPRegen  0.09/turn              g - ring of magical power
MPRegen  0.13/turn              (no ring)

@: held
A: permanent stasis, dig shafts and tunnels, four strong arms, antennae 3
a: Dig, Shaft Self, Renounce Religion


You were on level 2 of the Dungeon.
You worshipped Xom.
You were a toy of Xom.
You were not hungry.

You visited 1 branch of the dungeon, and saw 2 of its levels.

You collected 41 gold pieces.

Inventory:

Hand Weapons
 a - a +0 falchion of chaos (weapon)
Armour
 b - a +2 leather armour (worn)
 k - a +0 pair of gloves (worn)
Jewellery
 g - a ring of magical power (left hand)
Scrolls
 h - 3 scrolls of teleportation {unknown}
 i - 2 scrolls of remove curse {unknown}
Potions
 d - 2 potions of curing {unknown}
 e - a potion of flight {unknown}
 j - a potion of might {unknown}
Comestibles
 c - a ration
 f - 2 chunks of flesh


   Skills:
 - Level 3.2 Fighting
 - Level 3.0 Long Blades
 + Level 4.2 Armour
 - Level 0.8 Dodging


You had 2 spell levels left.
You didn't know any spells.
Your spell library was empty.

Dungeon Overview and Level Annotations

Branches:
Dungeon (2/15)

Altars:


Innate Abilities, Weirdness & Mutations

You cannot be hasted, slowed, berserked, paralysed or teleported.
You can dig through walls and to a lower floor.
Your four strong arms can wield two-handed weapons with a shield.
You have a pair of large antennae on your head. (SInv)


Message History

The gnoll throws a throwing net.
The throwing net hits you.
You become entangled in the net!
You hear a shout!
You struggle against the net.
The kobold hits you with a +0 short sword.
You emit a cloud of colourful smoke!
The gnoll hits you!
* * * LOW HITPOINT WARNING * * *
The gnoll hits you but does no damage. The frilled lizard barely misses you.
You struggle against the net.
The kobold hits you but does no damage. The gnoll completely misses you.
The gnoll hits you but does no damage.
The frilled lizard bites you but does no damage.
You struggle against the net.
The kobold hits you with a +0 short sword.
* * * LOW HITPOINT WARNING * * *
The gnoll hits you.
* * * LOW HITPOINT WARNING * * *
The gnoll hits you from afar with a +0 spear.
You die...
Xom giggles madly!

# #. ##### ..
##.#######...### ...
.................... .
#.....#.## ##.... ..#
#.....#..##......
....####......#....#....
##.............§lK......
#.......##..().§@g.....#
#......<...g##§......
....#..)(..(#..# ##.##..
.........)......# g.
.....#.#..#..#....{ ...
.................#. ..
......#............ .
..).####..#.#....g. .###
##........


You could see 3 gnolls, a kobold and a frilled lizard.

Vanquished Creatures
  An adder (D:2)
  A worm (D:2)
  2 dart slugs (D:1)
  A leopard gecko (D:1)
  A giant cockroach (D:1)
  A goblin (D:1)
  A hobgoblin (D:1)
  4 bats (D:1)
  4 kobolds
  4 rats (D:1)
20 creatures vanquished.

Vanquished Creatures (others)
  A gnoll (D:1)
1 creature vanquished.

Grand Total: 21 creatures vanquished

Notes
Turn   | Place    | Note
-------+----------+-------------------------------------------
     0 | D:1      | Descartes the Formicid Chaos Knight began the quest for the
                  | Orb.
     0 | D:1      | Reached XP level 1. HP: 18/18 MP: 1/1
    96 | D:1      | Reached skill level 3 in Armour
    96 | D:1      | Reached XP level 2. HP: 18/24 MP: 2/2
   275 | D:1      | XOM: smoke on damage
   598 | D:1      | Reached XP level 3. HP: 29/29 MP: 3/3
   758 | D:1      | XOM: noise
   832 | D:2      | Reached skill level 4 in Armour
   906 | D:2      | XOM: smoke on damage
   908 | D:2      | Slain by a gnoll

Illustrated notes

Levels and vault maps discovered:
D:1:      lightli_arrival_windingriver, layout_loops_ring
D:2:      layout_rooms, nicolae_overflow_hidden_temple, first_ration

Skill      XL: |  1  2  3 |
---------------+----------+-----
Armour         | 3 4 |  4.2
Fighting       | |  3.2
Long Blades    | |  3.0
Dodging        | |  0.8

Action                   || total
-------------------------++-------
Melee: Falchion          ||    59
 Stab: Paralysed         ||     1
Armor: Leather armour    ||    28
Dodge: Dodged            ||    44
       Rpst.: Falchion   ||    12
